 Dungeon Crawl Stone Soup version 0.15-a0-225-ga4013df (webtiles) character file.

215916 satsukihimesama the Eclecticist (level 19, -4/136 HPs)
             Began as a Human Fire Elementalist on Apr 24, 2014.
             Was the Champion of Vehumet.
             Slain by a spriggan rider
             ... wielding a +0,+0 spear
              (8 damage)
             ... on Level 2 of the Swamp on Apr 25, 2014.
             The game lasted 05:45:34 (53949 turns).

satsukihimesama the Eclecticist (HuFE)             Turns: 53949, Time: 05:45:34

HP  -4/136       AC 11     Str 10      XL: 19   Next: 70%
MP   0/40        EV 21     Int 24      God: Vehumet [******]
Gold 1771        SH 10     Dex 20      Spells:  9 memorised, 12 levels left

rFire  + . .     SeeInvis .     c - +2,+4 demon trident (venom)
rCold  + . .     Clarity  +     Z - +0 robe {rC+ rF+}
rNeg   . . .     Conserve .     q - +0 buckler
rPois  +         rCorr    .     X - +0 helmet
rElec  .         rRot     .     U - +3 cloak of Curiosity {Dex+3 Int+2}
SustAb . .       Spirit   .     E - +2 pair of gloves {Dex+3}
rMut   .         Warding  .     Y - +0 pair of boots
Saprov . . .     Stasis   .     k - amulet of clarity
MR     ++...                    A - ring of poison resistance
                                x - ring of protection from magic

@: invisible, very slightly contaminated, very resistant to hostile
enchantments, stealthy
A: breathe flames 1
a: Renounce Religion, Breathe Fire
}: 1/15 runes: serpentine


You were on level 2 of the Swamp.
You worshipped Vehumet.
Vehumet was exalted by your worship.
You were not hungry.

You visited 6 branches of the dungeon, and saw 36 of its levels.
You also visited: Labyrinth and Volcano.

You collected 2822 gold pieces.
You spent 1051 gold pieces at shops.

Inventory:

Hand weapons
 c - a +2,+4 demon trident of venom (weapon)
 t - a +0,+1 long sword of electrocution
Armour
 q - a +0 buckler (worn)
 E - a +2 pair of gloves of dexterity (worn)
 L - a cursed +2 robe of positive energy
 U - the +3 cloak of Curiosity (worn) {Dex+3 Int+2}
   (You bought it in a shop on level 15 of the Dungeon)

   It affects your intelligence (+2).
   It affects your dexterity (+3).
 V - a +2 robe of fire resistance
 X - a +0 helmet (worn)
 Y - a +0 pair of boots (worn)
 Z - a +0 robe of resistance (worn)
Magical devices
 a - a wand of polymorph (9)
 j - a wand of paralysis (0)
 r - a wand of lightning (8)
 w - a wand of paralysis (6)
 I - a wand of disintegration (14)
 M - a wand of teleportation (3)
 O - a wand of lightning (8)
 S - a wand of draining (1)
Comestibles
 m - 2 meat rations
Scrolls
 h - 3 scrolls of remove curse
Jewellery
 k - an amulet of clarity (around neck)
 o - an uncursed ring of flight
 s - the amulet of Ivacamuod {Cons +Inv}
   (You found it on level 1 of the Snake Pit)

   [amulet of conservation]

   It protects your inventory from destruction.
   It lets you turn invisible.
 x - a ring of protection from magic (left hand)
 y - an uncursed ring of see invisible
 z - an uncursed ring of fire
 A - a ring of poison resistance (right hand)
 C - an uncursed ring of sustain abilities
 D - an uncursed ring of protection from cold
 N - an uncursed ring of regeneration
 W - the ring "Triny" {Ice -Tele}
   (You took it off an efreet on level 15 of the Dungeon)

   [ring of ice]

   It enhances your ice magic, and weakens your fire magic.
   It makes you vulnerable to fire.
   It protects you from cold.
   It prevents most forms of teleportation.
Potions
 b - a potion of restore abilities
 d - a potion of paralysis {unknown}
 e - a potion of porridge
 l - 3 potions of brilliance
 n - 2 potions of flight
Books
 B - a book of the Dragon

   Spells                             Type                      Level
   Flight                             Charms/Air                   3
   Cause Fear                         Hexes                        4
   *Bolt of Fire                      Conjuration/Fire             6
   Dragon Form                        Transmutation                7
   Dragon's Call                      Summoning                    9
 P - a book of Spatial Translocations

   Spells                             Type                      Level
   Apportation                        Translocation                1
   *Blink                             Translocation                2
   Shroud of Golubria                 Charms/Translocation         2
   Portal Projectile                  Translocation                3
   Teleport Other                     Translocation                3
   Passage of Golubria                Translocation                4
Miscellaneous
 J - a lamp of fire (inert)
 Q - a stone of tremors
 R - a phial of floods
Rods
 K - a +2 rod of destruction (13/13)
   (You found it on level 14 of the Dungeon)


   Skills:
 - Level 8.4 Fighting
 + Level 3.4 Polearms
 - Level 1.5 Armour
 - Level 11.0 Dodging
 - Level 2.0 Stealth
 - Level 1.1 Shields
 - Level 16.3 Spellcasting
 - Level 14.4 Conjurations
 - Level 14.0 Charms
 - Level 3.0 Translocations
 - Level 12.8 Fire Magic
 - Level 7.1 Air Magic


You had 12 spell levels left.
You knew the following spells:

 Your Spells              Type           Power        Failure   Level  Hunger
a - Flame Tongue          Conj/Fire      #####        0%          1    None
b - Conjure Flame         Conj/Fire      ######..     1%          3    None
c - Sticky Flame          Conj/Fire      ######..     1%          4    None
d - Haste                 Chrm           ######..     1%          6    ####...
e - Fireball              Conj/Fire      ######....   1%          5    None
f - Bolt of Magma         Conj/Fire/Erth ######....   1%          5    None
g - Bolt of Fire          Conj/Fire      ######....   1%          6    ####...
h - Deflect Missiles      Chrm/Air       ######....   8%          6    ####...
o - Blink                 Tloc           N/A          1%          2    None


Dungeon Overview and Level Annotations

Branches:
Dungeon (15/15)            Temple (1/1) D:5             Orc (4/4) D:10
    Elf (0/3) Orc:3          Lair (8/8) D:11          Swamp (3/5) Lair:4
  Snake (5/5) Lair:6       Vaults (0/5) D:13         Depths (0/5) D:15
  Slime: Lair:6-8

Altars:
Ashenzari
Cheibriados
Dithmenos
Elyvilon
Fedhas
Kikubaaqudgha
Makhleb
Nemelex Xobeh
Okawaru
Sif Muna
Trog
Vehumet
Xom
Yredelemnul
Zin
The Shining One
Beogh
Jiyva

Shops:
D:10 *   D:15 *   Orc:4 [?}=(

Portals:
Trove: D:10 (give 2 scrolls of acquirement)

Annotations:
D:11 sohrabkorkchi's ghost, powerful LOFi
D:14 exclusion: downstairs
Lair:1 2 exclusions
Swamp:1 AIZUL HOLY F I CANT HIT THIS GUY, Aizul
Snake:2 exclusion: downstairs
Snake:3 exclusions: 2 downstairs and 1 more exclusion
Snake:4 Vashnia
Snake:5 exclusion: upstairs


Innate Abilities, Weirdness & Mutations

You can breathe flames.


Message History

Press: ? - help, v - describe, . - travel
Here: a spriggan rider, wielding a spear (lightly wounded) Some shallow water.
Casting: Bolt of Fire
Confirm with . or Enter, or press ? or * to list all spells.
Aiming: Bolt of Fire
Press: ? - help, Shift-Dir - straight line, f/p - spriggan rider
Aim: a spriggan rider, wielding a spear (lightly wounded)
The bolt of fire misses the spriggan rider.
The slime creature barely misses you.
The spriggan rider is engulfed in a cloud of scalding steam.
The spriggan rider hits you but does no damage.
The slime creature barely misses you.
The spriggan rider is engulfed in a cloud of scalding steam.
The spriggan rider hits you with a spear!
* * * LOW HITPOINT WARNING * * *
You see here a raven corpse.
The spriggan rider is engulfed in a cloud of scalding steam.
The spriggan rider hits you from afar with a spear!
You die...

.≈.≈.≈≈≈.≈≈≈.≈≈♣..♣
≈♣♣.≈≈≈≈.♣≈♣.≈≈...♣
♣≈≈≈≈≈.≈≈..≈....♣
♣♣.≈≈.≈≈...≈§≈.≈.♣
♣.≈..≈♣.≈≈≈≈...≈.♣
..♣.≈≈≈.≈≈≈≈.≈.≈≈♣
.≈≈≈≈≈.≈≈≈≈.§≈≈≈i.♣
≈♣≈≈≈.≈≈≈..≈≈≈≈Jw♣♣
♣≈≈.§.≈..≈.....@..♣
.≈♣.≈.≈..§≈≈≈..≈≈♣♣
≈..≈≈≈.≈.≈≈≈≈%..♣
≈≈≈♣≈≈≈..≈..≈≈w.
.≈J≈≈≈.≈≈≈.≈≈≈♣♣
≈...≈≈≈.♣.♣.
≈≈≈..≈≈♣ ≈≈≈≈≈≈ ...


You could see a giant leech, a slime creature, a spriggan rider and a swamp
worm.

Vanquished Creatures
  Nikola (Swamp:1)
  Asterion (Swamp:2)
  Agnes (Snake:1)
  6 greater nagas (Snake:5)
  Maud (Lair:3)
  2 ettins
  17 hydras
  A minotaur (Lab)
  Fannar (Orc:4)
  Harold (Lair:5)
  18 anacondas
  14 naga warriors
  2 ogre magi (D:15)
  A death yak (Lair:7)
  2 tengu warriors (D:15)
  17 naga sharpshooters
  An alligator (Swamp:1)
  11 shock serpents
  An orc high priest (Orc:4)
  5 centaur warriors
  A catoblepas (Lair:3)
  2 unseen horrors
  8 salamander mystics
  3 deep trolls
  9 orc knights
  2 hill giants
  4 lindwurms (Snake:5)
  A swamp dragon (Swamp:1)
  12 naga ritualists
  Joseph (D:12)
  2 wolf spiders (Lair:8)
  2 red wasps
  15 mana vipers
  3 cyclopes
  A griffon (Lair:7)
  18 salamanders
  Maurice (D:8)
  14 guardian serpents
  47 black mambas
  5 elephants
  30 naga magi
  A queen ant (Lair:6)
  15 spiny frogs
  A kobold demonologist (D:13)
  An item mimic (Lair:2)
  A yaktaur (D:14)
  A centaur zombie (D:13)
  An efreet (D:15)
  7 fire drakes
  5 komodo dragons
  3 giant fireflies
  A giant leech (Swamp:1)
  Sonja (D:11)
  10 trolls
  5 polar bears (Lair:8)
  10 grizzly bears
  4 bog bodies (Swamp:1)
  8 blink frogs
  3 ravens (Swamp:2)
  A fire dragon zombie (D:13)
  5 two-headed ogres
  3 shadows
  2 basilisks
  A griffon zombie (D:15)
  2 redbacks (Lair:8)
  17 slime creatures
  A fire elemental (Snake:4)
  A wyvern (Lair:5)
  2 spriggans
  2 deep elf magi (D:15)
  2 elephant slugs
  A hill giant zombie (D:14)
  A spriggan (shapeshifter) (D:11)
  19 ugly things
  50 yaks
  5 vampire mosquitoes
  4 wraiths
  28 wolves
  A hill giant skeleton (D:14)
  A steam dragon (Lair:6)
  10 hippogriffs
  3 mottled dragons
  11 soldier ants
  6 hungry ghosts
  Menkaure (D:5)
  11 swamp worms
  2 necrophages
  9 wargs
  67 nagas
  35 water moccasins
  48 orc warriors
  10 porcupines
  A sky beast (D:6)
  6 swamp drakes
  9 black bears
  4 hell hounds (Lair:8)
  A soldier ant (shapeshifter) (D:13)
  16 centaurs
  5 ice beasts
  11 ogres
  2 spiders (Lair:8)
  3 yellow wasps
  3 phantoms
  A griffon simulacrum (D:15)
  3 boring beetles
  13 crocodiles
  3 giant goldfish
  2 big kobolds
  12 giant slugs
  25 giant frogs
  Blork the orc (D:8)
  A yaktaur skeleton (D:14)
  A brain worm (D:8)
  3 eyes of draining
  6 scorpions
  4 wights (D:12)
  A troll skeleton (D:10)
  4 electric eels (D:12)
  A tengu skeleton (D:15)
  21 hounds
  A quasit (D:7)
  3 crimson imps
  A kobold zombie (D:11)
  3 goliath beetles
  15 orc priests
  A big fish (Swamp:1)
  Crazy Yiuf (D:2)
  A giant frog skeleton (D:12)
  16 jellies
  10 iguanas
  14 orc wizards
  31 worker ants
  A sky beast zombie (D:5)
  18 sheep
  Ijyb (D:3)
  An ogre zombie (D:7)
  A mottled dragon skeleton (D:15)
  A hound zombie (D:7)
  A hound skeleton (D:4)
  3 mummies
  2 orc zombies
  45 adders
  4 gnolls (D:5)
  95 green rats
  3 shadow imps
  6 worms
  An adder zombie (D:7)
  2 orc skeletons
  An adder skeleton (D:8)
  2 giant eyeballs
  6 giant geckos
  6 oozes
  119 orcs
  3 ball pythons
  15 goblins
  24 hobgoblins
  25 jackals
  33 kobolds
  13 quokkas
  23 bats
  9 giant cockroaches
  3 giant newts
  2 hobgoblin skeletons
  2 hobgoblin zombies
  A jackal zombie (D:4)
  18 rats
  A briar patch (Swamp:2)
  2 bushes
  A fungus (Lair:2)
  2 plants (Lair:3)
  A toadstool (D:2)
1482 creatures vanquished.

Vanquished Creatures (collateral kills)
  A hydra (Swamp:1)
  A shock serpent (Snake:4)
  A giant frog (D:15)
3 creatures vanquished.

Vanquished Creatures (others)
  A water elemental (Snake:5)
  An adder (Snake:4)
  An orc (Orc:2)
  A goblin (Orc:4)
  A hobgoblin (D:8)
  A briar patch (Swamp:2)
  24 fungi
  12 plants
42 creatures vanquished.

Grand Total: 1527 creatures vanquished

Notes
Turn   | Place    | Note
--------------------------------------------------------------
     0 | D:1      | satsukihimesama, the Human Fire Elementalist, began the quest for the Orb.
     0 | D:1      | Reached XP level 1. HP: 13/13 MP: 3/3
     3 | D:1      | Noticed an iron imp
     3 | D:1      | Noticed an iron imp
     4 | D:1      | Noticed Aclinuodgh the pandemonium lord
     8 | D:1      | Noticed an Executioner
    10 | D:1      | Noticed a reaper
    44 | D:1      | Noticed an orange demon
    47 | D:1      | Noticed a sun demon
   316 | D:1      | Reached XP level 2. HP: 16/19 MP: 0/4
   832 | D:2      | Reached XP level 3. HP: 24/24 MP: 3/6
   837 | D:2      | Learned a level 3 spell: Conjure Flame
   950 | D:2      | Reached XP level 4. HP: 27/30 MP: 3/7
  1006 | D:2      | Found a viscous altar of Jiyva.
  1026 | D:2      | Reached skill level 4 in Conjurations
  1071 | D:2      | Reached XP level 5. HP: 21/35 MP: 0/9
  1346 | D:2      | Found a snail-covered altar of Cheibriados.
  1584 | D:2      | Noticed Crazy Yiuf
  1622 | D:2      | Killed Crazy Yiuf
  1735 | D:2      | Learned a level 4 spell: Sticky Flame
  1780 | D:2      | Reached XP level 6. HP: 35/41 MP: 3/10
  1904 | D:3      | Reached skill level 5 in Conjurations
  2431 | D:3      | Noticed Ijyb
  2455 | D:3      | Killed Ijyb
  2808 | D:4      | Reached skill level 5 in Fire Magic
  2808 | D:4      | Reached XP level 7. HP: 41/46 MP: 8/12
  3211 | D:5      | Entered Level 5 of the Dungeon
  3325 | D:5      | Reached skill level 6 in Conjurations
  3577 | D:5      | Found a staircase to the Ecumenical Temple.
  3588 | Temple   | Entered the Ecumenical Temple
  3698 | Temple   | Became a worshipper of Vehumet
  3856 | D:5      | Noticed Menkaure
  3862 | D:5      | Killed Menkaure
  3862 | D:5      | Reached XP level 8. HP: 27/52 MP: 8/13
  4087 | D:5      | Reached skill level 7 in Conjurations
  4671 | D:6      | Acquired Vehumet's first power
  4671 | D:6      | Offered knowledge of Sting by Vehumet.
  4833 | D:6      | Paralysed by a giant eyeball for 3 turns
  4881 | D:6      | Reached XP level 9. HP: 51/57 MP: 10/14
  4954 | D:6      | Reached skill level 8 in Conjurations
  5836 | D:6      | Reached skill level 9 in Conjurations
  5901 | D:6      | Found a bloodstained altar of Trog.
  5906 | D:6      | Offered knowledge of Searing Ray by Vehumet.
  6762 | D:7      | Reached XP level 10. HP: 45/63 MP: 9/16
  6769 | D:7      | Learned a level 5 spell: Fireball
  7044 | D:8      | Upgraded the game from 0.15-a0-217-g70ad64b to 0.15-a0-225-ga4013df
  7081 | D:8      | Reached skill level 10 in Fire Magic
  7501 | D:8      | Noticed Maurice
  7510 | D:8      | Offered knowledge of Static Discharge by Vehumet.
  7711 | D:8      | Reached skill level 11 in Fire Magic
  7812 | D:8      | Acquired Vehumet's second power
  8144 | D:8      | Reached skill level 10 in Conjurations
  8162 | D:8      | Found a bloodstained altar of Trog.
  8460 | D:8      | Killed Maurice
  8498 | D:8      | Noticed Blork the orc
  8524 | D:8      | Killed Blork the orc
  8616 | D:8      | Reached skill level 5 in Spellcasting
  8622 | D:8      | Reached XP level 11. HP: 33/68 MP: 5/23
  8917 | D:9      | Noticed a cyclops
  9104 | D:9      | Killed a cyclops
  9254 | D:9      | Offered knowledge of Airstrike by Vehumet.
  9274 | D:8      | Found an ancient bone altar of Kikubaaqudgha.
  9274 | D:8      | Found a deep blue altar of Sif Muna.
  9908 | D:10     | Entered Level 10 of the Dungeon
 10577 | D:10     | Found a staircase to the Orcish Mines.
 10711 | D:10     | Found Mipaapop's Assorted Antiques.
 10748 | D:10     | Bought a potion of curing for 72 gold pieces
 10748 | D:10     | Bought a scroll of identify for 72 gold pieces
 10833 | D:10     | Found a portal to a secret trove of treasure.
 10980 | D:10     | Noticed a cyclops
 11482 | D:11     | Noticed sohrabkorkchi's ghost (powerful LOFi)
 11568 | D:11     | Acquired Vehumet's third power
 11607 | D:11     | Offered knowledge of Force Lance by Vehumet.
 11722 | D:11     | Noticed Sonja
 11759 | D:11     | Killed Sonja
 11934 | D:11     | Found a shadowy altar of Dithmenos.
 12141 | D:11     | Reached skill level 10 in Spellcasting
 12232 | D:11     | Reached XP level 12. HP: 54/74 MP: 25/30
 12524 | D:11     | Found a staircase to the Lair.
 12638 | Lair:1   | Entered Level 1 of the Lair of Beasts
 13105 | Lair:1   | Offered knowledge of Bolt of Draining by Vehumet.
 13125 | Lair:1   | Reached skill level 5 in Dodging
 13248 | Lair:1   | Found a shadowy altar of Dithmenos.
 13579 | Lair:2   | Identified a scroll of acquirement
 13706 | Lair:2   | Noticed a four-headed hydra
 13725 | Lair:2   | Killed a four-headed hydra
 14211 | Lair:2   | Found a dark tunnel.
 14216 | Volcano  | Entered a volcano
 15028 | Lair:3   | Reached XP level 13. HP: 62/79 MP: 30/32
 15062 | Lair:3   | Noticed Maud
 15601 | Lair:3   | Killed Maud
 15601 | Lair:3   | Reached skill level 10 in Dodging
 15712 | Lair:3   | Noticed a five-headed hydra
 15716 | Lair:3   | Killed a five-headed hydra
 15883 | Lair:3   | Noticed a catoblepas
 15888 | Lair:3   | Noticed an eight-headed hydra
 15888 | Lair:3   | Killed a catoblepas
 15909 | Lair:3   | Killed an eight-headed hydra
 15909 | Lair:3   | Offered knowledge of Conjure Ball Lightning by Vehumet.
 16151 | Lair:3   | Reached skill level 1 in Fighting
 16499 | Lair:4   | Found a staircase to the Swamp.
 16603 | Lair:4   | Learned a level 6 spell: Haste
 16906 | Lair:4   | Reached skill level 5 in Fighting
 17928 | Lair:5   | Noticed Harold
 17932 | Lair:5   | Killed Harold
 18958 | Lair:6   | Offered knowledge of Bolt of Magma by Vehumet.
 18958 | Lair:6   | Reached XP level 14. HP: 104/104 MP: 2/33
 19094 | Lair:6   | Got a warped leather armour
 19102 | Lair:6   | Identified the cursed -1 leather armour "Muiff" {rF+ Curse} (You found it on level 6 of the Lair of Beasts)
 19177 | Lair:6   | Reached skill level 1 in Armour
 19257 | Lair:6   | Learned a level 5 spell: Bolt of Magma
 19303 | Lair:6   | Reached skill level 1 in Charms
 19374 | Lair:6   | Found a staircase to the Snake Pit.
 19999 | Lair:7   | Reached skill level 5 in Charms
 20393 | Lair:8   | Entered Level 8 of the Lair of Beasts
 20692 | Lair:8   | Offered knowledge of Lightning Bolt by Vehumet.
 22033 | Lair:8   | Offered knowledge of Bolt of Fire by Vehumet.
 22033 | Lair:8   | Reached skill level 10 in Charms
 22074 | Lair:8   | Learned a level 6 spell: Bolt of Fire
 22129 | Lair:8   | Reached XP level 15. HP: 105/112 MP: 14/33
 23238 | Lair:8   | Reached skill level 12 in Charms
 24103 | D:11     | Offered knowledge of Poison Arrow by Vehumet.
 24130 | D:11     | Learned a level 6 spell: Deflect Missiles
 24266 | D:11     | Reached skill level 1 in Air Magic
 24464 | Orc:1    | Entered Level 1 of the Orcish Mines
 25167 | Orc:3    | Found a staircase to the Elven Halls.
 25322 | Orc:4    | Entered Level 4 of the Orcish Mines
 25322 | Orc:4    | Found Khexaz's Armour Shoppe.
 25471 | Orc:4    | Found a labyrinth entrance.
 25502 | Lab      | Entered a labyrinth
 27403 | Orc:4    | Offered knowledge of Orb of Destruction by Vehumet.
 27403 | Orc:4    | Reached skill level 5 in Air Magic
 27915 | Orc:4    | Found a roughly hewn altar of Beogh.
 27928 | Orc:4    | Found Katsioli's Weapon Shop.
 27928 | Orc:4    | Found Zaehu's Jewellery Emporium.
 27977 | Orc:4    | Bought an uncursed amulet of clarity for 260 gold pieces
 27977 | Orc:4    | Bought an uncursed ring of poison resistance for 260 gold pieces
 28438 | Orc:4    | Noticed Fannar
 28536 | Orc:4    | Killed Fannar
 28635 | Orc:4    | Found Zista's Gadget Shop.
 28635 | Orc:4    | Found Pleuqaut's Magic Scroll Emporium.
 28650 | Orc:4    | Bought a scroll of identify for 22 gold pieces
 28650 | Orc:4    | Bought a scroll of identify for 22 gold pieces
 28650 | Orc:4    | Bought a scroll of blinking for 82 gold pieces
 28650 | Orc:4    | Bought a scroll of teleportation for 33 gold pieces
 29146 | D:12     | Noticed Joseph
 29149 | D:12     | Killed Joseph
 29896 | D:12     | Offered knowledge of Fire Storm by Vehumet.
 29896 | D:12     | Offered knowledge of Chain Lightning by Vehumet.
 29896 | D:12     | Offered knowledge of Tornado by Vehumet.
 29905 | D:12     | Reached XP level 16. HP: 118/118 MP: 3/34
 30358 | D:13     | Reached skill level 13 in Charms
 30938 | D:13     | Found a gate to the Vaults.
 31313 | D:14     | Gained mutation: You can breathe flames. [potion of beneficial mutation]
 31596 | D:14     | Identified a +2 rod of destruction (13/13) (You found it on level 14 of the Dungeon)
 32020 | D:15     | Entered Level 15 of the Dungeon
 32020 | D:15     | Found Izxer's Assorted Antiques.
 32172 | D:15     | Reached skill level 14 in Charms
 32340 | D:15     | Bought a pitted cloak for 228 gold pieces
 32344 | D:15     | Identified the cursed +3 cloak of Curiosity {Dex+3 Int+2} (You bought it in a shop on level 15 of the Dungeon)
 32451 | D:15     | Found a shimmering altar of Xom.
 32863 | D:15     | Reached skill level 1 in Shields
 33194 | D:15     | Found a staircase to the Depths.
 33243 | D:15     | Got a scintillating bone ring
 34106 | Swamp:1  | Entered Level 1 of the Swamp
 34109 | Swamp:1  | Noticed Nikola
 34136 | Swamp:1  | Killed Nikola
 34565 | Swamp:1  | Noticed Aizul
 35490 | Swamp:2  | Noticed a thorn hunter
 36281 | Snake:1  | Entered Level 1 of the Snake Pit
 36307 | Snake:1  | Got a scintillating crystal amulet
 36324 | Snake:1  | Noticed Agnes
 36337 | Snake:1  | Killed Agnes
 36337 | Snake:1  | Reached XP level 17. HP: 51/124 MP: 3/35
 42282 | Snake:3  | Identified the amulet of Ivacamuod {Cons +Inv} (You found it on level 1 of the Snake Pit)
 42282 | Snake:3  | Identified the ring "Triny" {Ice -Tele} (You took it off an efreet on level 15 of the Dungeon)
 42781 | Snake:4  | Learned a level 2 spell: Blink
 43001 | Snake:4  | Reached skill level 1 in Translocations
 43001 | Snake:4  | Reached XP level 18. HP: 130/130 MP: 27/36
 43770 | Snake:4  | Noticed Vashnia
 45248 | Snake:5  | Entered Level 5 of the Snake Pit
 49338 | Snake:5  | Reached XP level 19. HP: 136/136 MP: 15/39
 49808 | Snake:5  | Reached skill level 15 in Spellcasting
 50367 | Snake:5  | HP: 4/204 [anaconda (9)]
 50373 | Snake:5  | HP: 1/204 [anaconda (2)]
 52280 | Snake:5  | Reached skill level 16 in Spellcasting
 52628 | Snake:5  | Got a serpentine rune of Zot
 53170 | Swamp:2  | Noticed Asterion
 53425 | Swamp:2  | Killed Asterion
 53578 | Swamp:2  | Reached skill level 1 in Polearms
 53948 | Swamp:2  | HP: 4/136 [spriggan rider/spear (13)]
 53949 | Swamp:2  | Slain by a spriggan rider

Action                   |  1- 3 |  4- 6 |  7- 9 | 10-12 | 13-15 | 16-18 | 19-21 || total
-------------------------+-------+-------+-------+-------+-------+-------+-------++-------
Melee: Dagger            |    49 |   122 |   272 |   470 |  1024 |   398 |       ||  2335
       Unarmed           |     1 |       |       |    10 |       |       |       ||    11
       Trident           |       |       |       |       |       |   225 |       ||   225
       Scimitar          |       |       |       |       |       |     2 |       ||     2
       Long sword        |       |       |       |       |       |    56 |    86 ||   142
       Demon trident     |       |       |       |       |       |       |    36 ||    36
 Fire: Blowgun           |       |       |     2 |       |       |       |       ||     2
 Cast: Flame Tongue      |    32 |    94 |   141 |   157 |   259 |   193 |    10 ||   886
       Conjure Flame     |       |     1 |     4 |    30 |    15 |    11 |     2 ||    63
       Sticky Flame      |       |       |    22 |   112 |   194 |   138 |    37 ||   503
       Fireball          |       |       |       |    65 |   184 |   102 |    23 ||   374
       Bolt of Magma     |       |       |       |       |    34 |   174 |    51 ||   259
       Bolt of Fire      |       |       |       |       |    48 |   292 |    88 ||   428
       Haste             |       |       |       |       |     5 |    18 |     2 ||    25
       Deflect Missiles  |       |       |       |       |       |    10 |       ||    10
       Blink             |       |       |       |       |       |       |     1 ||     1
Evoke: Wand              |       |       |       |     4 |     5 |     6 |    16 ||    31
       Stone of tremors  |       |       |       |     1 |       |       |       ||     1
       Phial of floods   |       |       |       |       |       |     2 |     1 ||     3
       Lamp of fire      |       |       |       |       |       |     1 |     2 ||     3
  Use: Scroll            |     1 |     1 |    14 |    11 |    17 |    12 |     4 ||    60
       Potion            |       |       |     1 |     3 |     9 |    12 |    11 ||    36
 Stab: Sleeping          |       |       |       |     1 |     1 |     2 |       ||     4
       Distracted        |       |       |       |     1 |       |       |       ||     1
